Map: Prion Terraces

Players

gomugomu

  • Race: Protoss Protoss
  • League: Platinum

Cole - Winner!

  • Race: Zerg Zerg
  • League: Platinum

VOD

Have the link to the VOD?

Description

Time

  • Played on: Feb. 3, 2016, 9:44 p.m.
  • Length: 12:50
Show
View Real Time Build Order
Export as new Build Order

gomugomu Protoss 

Build Orders:  

Get SALT Encoding   

  12  0:01  Probe (Chrono Boost)  
  13  0:15  Pylon  
  13  0:18  Probe (Chrono Boost)  
  15  0:28  Probe (Chrono Boost)  
  15  0:39  Probe (Chrono Boost)  
  15  0:41  Gateway  
  16  0:49  Probe (Chrono Boost)  
  17  1:00  Probe (Chrono Boost)  
  18  1:07  Assimilator  
  18  1:10  Probe (Chrono Boost)  
  19  1:12  Pylon  
  19  1:26  Probe (Chrono Boost)  
  19  1:30  Cybernetics Core  
  20  1:45  Probe (Chrono Boost)  
  21  1:48  Gateway  
  21  1:54  Gateway  
  21  1:56  Gateway, Probe (Chrono Boost)  
  22  2:07  Warp Gate (Chrono Boost)  
  22  2:10  Adept  
  22  2:15  Probe  
  25  2:19  Assimilator  
  25  2:22  Pylon  
  25  2:32  Probe  
  25  2:36  Adept  
  28  2:39  Adept  
  30  2:50  Pylon  
  30  3:13  Pylon  
  30  3:20  Pylon  
  30  3:33  Twilight Council  
  30  3:41  Nexus  
  30  3:46  Gateway  
  30  3:57  Zealot x2  
  30  3:58  Adept  
  30  3:59  Adept  
  30  4:02  Mothership Core  
  40  4:23  Probe  
  39  4:35  Probe  
  34  4:39  Zealot x2  
  34  4:41  Adept  
  34  4:47  Probe, Zealot  
  37  4:55  Gateway, Probe  
  37  4:59  Probe  
  39  5:02  Resonating Glaives  
  39  5:08  Adept  
  40  5:16  Adept x2  
  40  5:18  Adept  
  45  5:35  Zealot x2  
  43  5:45  Probe x2  
  45  5:56  Adept x2  
  45  5:57  Probe x2  
  43  6:09  Probe  
  42  6:19  Adept x3  
  36  7:22  Adept  
  38  7:27  Pylon  
  38  7:30  Pylon  
  38  7:31  Nexus  
  38  7:47  Pylon  
  38  7:49  Pylon  
  38  7:53  Templar Archives  
  38  8:00  Gateway  
  38  8:05  Gateway  
  38  8:17  Assimilator  
  38  8:22  Assimilator  
  38  8:24  Gateway  
  38  8:25  Psionic Storm  
  38  8:33  Probe  
  39  8:38  High Templar  
  41  8:49  Probe  
  42  8:58  Probe  
  43  9:13  High Templar x4  
  51  9:17  Archon x2  
  51  9:20  Probe  
  51  9:21  Probe  
  53  9:29  High Templar  
  55  9:36  Adept x2  
  59  9:45  Zealot  
  61  9:50  Adept  
  63  9:55  High Templar  
  63  9:57  High Templar  
  67  10:01  Archon  
  59  10:28  Archon  
  59  10:34  Stalker x5  
  59  10:35  Stalker  
  56  10:44  Stalker  
  49  11:11  Stalker x2  
  49  11:12  Stalker  
  55  11:38  Probe  
  51  11:40  Probe  
  53  11:52  Probe  
  53  11:53  High Templar x2  
  58  11:56  Probe  
  58  11:57  Archon  
  58  12:04  Probe  
  58  12:07  Probe  
  58  12:16  Probe  
  58  12:17  Probe  
  59  12:23  Stalker x2  
Show
View Real Time Build Order
Export as new Build Order

Cole Zerg - Winner!

Build Orders: Hatch First 

Get SALT Encoding   

  12  0:01  Drone  
  13  0:13  Overlord  
  13  0:17  Drone  
  14  0:31  Drone x2  
  14  0:35  Drone  
  17  0:56  Drone  
  18  0:57  Hatchery  
  18  0:59  Extractor  
  16  1:05  Drone  
  17  1:15  Spawning Pool  
  16  1:20  Drone  
  17  1:32  Drone  
  18  1:33  Overlord  
  18  1:56  Hatchery  
  17  2:04  Metabolic Boost  
  17  2:06  Zergling x2  
  18  2:09  Zergling x2  
  19  2:17  Drone  
  19  2:18  Drone  
  21  2:25  Queen  
  23  2:34  Overlord  
  23  2:36  Drone  
  24  2:39  Drone  
  25  2:52  Queen  
  27  2:59  Spore Crawler  
  27  3:03  Drone x2  
  27  3:04  Spine Crawler  
  27  3:10  Zergling x6  
  30  3:16  Drone  
  31  3:20  Spore Crawler  
  31  3:22  Drone  
  31  3:26  Zergling x4  
  33  3:34  Queen  
  35  3:45  Zergling x10  
  40  3:55  Overlord  
  40  3:57  Drone x3  
  43  4:06  Lair  
  43  4:09  Drone x2  
  45  4:15  Queen  
  44  4:33  Zergling x8  
  44  4:34  Zergling x10  
  50  4:45  Drone x6  
  52  4:51  Queen  
  55  4:56  Spine Crawler  
  54  5:14  Zergling x10  
  54  5:16  Overlord x2  
  54  5:17  Overlord x2  
  54  5:31  Zergling x2  
  54  5:32  Zergling x8  
  42  5:51  Zergling x4  
  42  5:52  Zergling x12  
  44  6:05  Burrow  
  44  6:07  Roach Warren  
  43  6:17  Zergling x4  
  43  6:18  Zergling x8  
  47  6:29  Spine Crawler  
  47  6:31  Spine Crawler  
  38  6:46  Drone x2  
  40  6:49  Drone x4  
  40  6:50  Extractor  
  42  7:04  Zergling x2  
  42  7:05  Zergling x10  
  44  7:12  Drone x2  
  46  7:23  Hatchery  
  46  7:24  Glial Reconstitution  
  46  7:28  Drone  
  46  7:31  Drone x3  
  48  7:50  Drone x2  
  48  7:51  Drone x5  
  55  8:03  Spire  
  54  8:06  Extractor  
  54  8:07  Extractor  
  54  8:11  Drone x2  
  54  8:18  Drone x3  
  57  8:21  Drone x3  
  60  8:37  Queen  
  60  8:39  Hatchery  
  61  8:43  Roach x2  
  65  8:54  Drone x6  
  71  8:58  Overseer  
  71  9:17  Mutalisk x2  
  71  9:18  Mutalisk x3  
  81  9:27  Drone x6  
  87  9:35  Overlord x2  
  87  9:37  Overlord  
  87  9:47  Drone x2  
  87  9:48  Overlord x2  
  87  9:51  Extractor  
  87  9:52  Extractor  
  87  9:56  Queen  
  87  9:58  Roach x2  
  93  10:06  Drone x3  
  96  10:07  Drone x3  
  85  10:21  Roach x3  
  85  10:22  Roach x4  
  85  10:38  Roach x8  
  87  10:57  Roach  
  87  10:58  Roach x8  
  88  11:15  Roach x5  
  88  11:16  Roach x2  
  92  11:39  Queen  
  88  11:41  Drone x4  
  88  11:42  Drone x3  
  97  11:47  Drone x3  
  100  11:54  Overlord x2  
  100  12:11  Roach x4  
  100  12:12  Roach  
  110  12:30  Drone  
  110  12:31  Drone x7  
Tags
 
Add a new tag
Caveats
  • Supply blocks, unpowered buildings, or Contaminate may cause inaccurate times.
  • Supply counts are checked every 10 seconds.